TOP OF THE 1ST |
Mt. Vernon Bulls batting - Pitching for York Revolution : RHP Carlos Peret
|
Pitching: RHP Carlos Peret
|
|
Batting: LHB Earl Wiley
|
0-0: Called Strike 0-1: Bunted foul 0-2: Foul Ball, location: 2F 0-2: Ball 1-2: Strikes out looking
|
Batting: LHB Álex Ramírez
|
0-0: Called Strike 0-1: SINGLE (Line Drive, 34)
|
Batting: RHB Jesús Villalba
|
0-0: Ball 1-0: Ball 2-0: Ball 3-0: Called Strike 3-1: Grounds into double play, 6-4-3 (Groundball, 6)
|
Top of the 1st over - 0 run(s), 1 hit(s), 0 error(s), 0 left on base; Mt. Vernon 0 - York 0 |
BOTTOM OF THE 1ST |
York Revolution batting - Pitching for Mt. Vernon Bulls : RHP Adam Vaillancourt
|
Pitching: RHP Adam Vaillancourt
|
|
Batting: RHB José Urruticodez
|
0-0: Ball 1-0: Swinging Strike 1-1: Ball 2-1: Called Strike 2-2: Strikes out swinging
|
Batting: RHB Martín Placido
|
0-0: SINGLE (Flyball, 89S)
|
Batting: SHB Zuberi Mccray
|
0-0: Ball 1-0: Swinging Strike 1-1: Ball 2-1: SINGLE (Groundball, 34) Martín Placido to second Runner from 2nd tries for 3rd, SAFE, throw made to third
|
Batting: RHB Brandon Cole
|
0-0: Ball 1-0: Ball 2-0: Ball 3-0: Base on Balls Zuberi Mccray to second
|
Batting: LHB Michael Nelson
|
0-0: Ball 1-0: Foul Ball, location: 2F 1-1: Foul Ball, location: 2F 1-2: Fly out, F9 (Flyball, 89M) Runner from 3rd tags up, SCORES, no throw
|
Batting: SHB Roberto Córdova
|
0-0: Ball 1-0: Fly out, F7 (Line Drive, 78M)
|
Bottom of the 1st over - 1 run(s), 2 hit(s), 0 error(s), 2 left on base; Mt. Vernon 0 - York 1 |
TOP OF THE 2ND |
Mt. Vernon Bulls batting - Pitching for York Revolution : RHP Carlos Peret
|
Batting: RHB Alfonso Bocanegra
|
0-0: Ball 1-0: Ground out 1-3 (Groundball, 13S)
|
Batting: RHB Jorge Miranda
|
0-0: Ball 1-0: Ground out 5-3 (Groundball, 5L)
|
Batting: LHB Alex Reid
|
0-0: Swinging Strike 0-1: Fly out, F8 (Flyball, 8RM)
|
Top of the 2nd over - 0 run(s), 0 hit(s), 0 error(s), 0 left on base; Mt. Vernon 0 - York 1 |
BOTTOM OF THE 2ND |
York Revolution batting - Pitching for Mt. Vernon Bulls : RHP Adam Vaillancourt
|
Batting: LHB Marcos Deleón
|
0-0: Swinging Strike 0-1: Foul Ball, location: 2F 0-2: Ball 1-2: SINGLE (Groundball, 3D)
|
Batting: RHB Manuel García
|
0-0: Ball 1-0: Ball 2-0: Foul Ball, location: 2F 2-1: Ball Wild Pitch! Marcos Deleón to second 3-1: SINGLE (Groundball, 34D) Marcos Deleón to third Runner from 3rd tries for Home, throw and OUT! Manuel García to second
|
Batting: LHB Harold Wiggins
|
0-0: Fly out, F8 (Flyball, 89M)
|
Batting: RHB José Urruticodez
|
0-0: Foul Ball, location: 2F 0-1: Foul Ball, location: 2F 0-2: Fly out, F7 (Flyball, 78M)
|
Bottom of the 2nd over - 0 run(s), 2 hit(s), 0 error(s), 1 left on base; Mt. Vernon 0 - York 1 |
TOP OF THE 3RD |
Mt. Vernon Bulls batting - Pitching for York Revolution : RHP Carlos Peret
|
Batting: RHB Luis González
|
0-0: Ball 1-0: Fly out, F5 (Line Drive, 5L)
|
Batting: RHB Louis Litt
|
0-0: Called Strike 0-1: Ball 1-1: SINGLE (Flyball, 89S)
|
Batting: RHB Noël Sassetti
|
0-0: Ball 1-0: Called Strike 1-1: Foul Ball, location: 2F 1-2: Foul Ball, location: 2F 1-2: Foul Ball, location: 2F 1-2: Strikes out swinging
|
Batting: LHB Earl Wiley
|
0-0: Ball 1-0: Called Strike 1-1: Swinging Strike 1-2: Ball 2-2: Strikes out looking
|
Top of the 3rd over - 0 run(s), 1 hit(s), 0 error(s), 1 left on base; Mt. Vernon 0 - York 1 |
BOTTOM OF THE 3RD |
York Revolution batting - Pitching for Mt. Vernon Bulls : RHP Adam Vaillancourt
|
Batting: RHB Martín Placido
|
0-0: Called Strike 0-1: Ball 1-1: Ground out 4-3 (Groundball, 4)
|
Batting: SHB Zuberi Mccray
|
0-0: Called Strike 0-1: Ball 1-1: Foul Ball, location: 2F 1-2: Foul Ball, location: 2F 1-2: Ball 2-2: Ball 3-2: Fly out, F9 (Flyball, 89S)
|
Batting: RHB Brandon Cole
|
0-0: Ball 1-0: DOUBLE (Line Drive, 78D)
|
Batting: LHB Michael Nelson
|
0-0: Ball 1-0: Called Strike 1-1: DOUBLE (Flyball, 7LM) Brandon Cole scores
|
Batting: SHB Roberto Córdova
|
0-0: Called Strike 0-1: Reached on error, E5 (Groundball, 5S) Michael Nelson to third
|
Batting: LHB Marcos Deleón
|
0-0: Ball 1-0: Ball 2-0: Foul Ball, location: 2F 2-1: Swinging Strike 2-2: Strikes out looking
|
Bottom of the 3rd over - 1 run(s), 2 hit(s), 1 error(s), 2 left on base; Mt. Vernon 0 - York 2 |
TOP OF THE 4TH |
Mt. Vernon Bulls batting - Pitching for York Revolution : RHP Carlos Peret
|
Batting: LHB Álex Ramírez
|
0-0: Called Strike 0-1: Ball 1-1: Foul Ball, location: 2F 1-2: Ball 2-2: Ground out 5-3 (Groundball, 56S)
|
Batting: RHB Jesús Villalba
|
0-0: Ball 1-0: SINGLE (Groundball, 6MS) (infield hit)
|
Batting: RHB Alfonso Bocanegra
|
0-0: Ball 1-0: Ball 2-0: Ball 3-0: Called Strike 3-1: Foul Ball, location: 2F 3-2: SINGLE (Groundball, 25) (infield hit) Jesús Villalba to second
|
Batting: RHB Jorge Miranda
|
0-0: Ball Jesús Villalba steals 3rd base Alfonso Bocanegra to second 1-0: Ground out 6-3 (Groundball, 6M) Jesús Villalba scores Alfonso Bocanegra to third
|
Batting: LHB Alex Reid
|
0-0: Ball Wild Pitch! Alfonso Bocanegra scores 1-0: Foul Ball, location: 2F 1-1: Foul Ball, location: 2F 1-2: Ball 2-2: Foul Ball, location: 2F 2-2: Fly out, F4 (Popup, 3D)
|
Top of the 4th over - 2 run(s), 2 hit(s), 0 error(s), 0 left on base; Mt. Vernon 2 - York 2 |
BOTTOM OF THE 4TH |
York Revolution batting - Pitching for Mt. Vernon Bulls : RHP Adam Vaillancourt
|
Batting: RHB Manuel García
|
0-0: Ball 1-0: Ball 2-0: Ball 3-0: Base on Balls
|
Batting: LHB Harold Wiggins
|
0-0: Called Strike 0-1: Ball 1-1: Ball 2-1: Ball 3-1: Fly out, F7 (Line Drive, 7S)
|
Batting: RHB José Urruticodez
|
0-0: Ball 1-0: Swinging Strike 1-1: Ball 2-1: Ball 3-1: Base on Balls Manuel García to second
|
Batting: RHB Martín Placido
|
0-0: Called Strike 0-1: Reached on error, E5 (Groundball, 56) Manuel García to third José Urruticodez to second
|
Batting: SHB Zuberi Mccray
|
0-0: Ball 1-0: Called Strike 1-1: Called Strike 1-2: Foul Ball, location: 2F 1-2: Ball 2-2: Strikes out swinging
|
Batting: RHB Brandon Cole
|
0-0: Called Strike 0-1: Ball 1-1: Foul Ball, location: 2F 1-2: Ball 2-2: Fly out, F8 (Flyball, 8RM)
|
Bottom of the 4th over - 0 run(s), 0 hit(s), 1 error(s), 3 left on base; Mt. Vernon 2 - York 2 |
TOP OF THE 5TH |
Mt. Vernon Bulls batting - Pitching for York Revolution : RHP Carlos Peret
|
Batting: RHB Luis González
|
0-0: Foul Ball, location: 2F 0-1: Fly out, F4 (Popup, 4MD)
|
Batting: RHB Louis Litt
|
0-0: SINGLE (Groundball, 13) (infield hit)
|
Batting: RHB Noël Sassetti
|
0-0: Called Strike 0-1: Foul Ball, location: 2F 0-2: Foul Ball, location: 2F 0-2: Fly out, F3 (Popup, 23)
|
Batting: LHB Earl Wiley
|
0-0: Called Strike 0-1: Swinging Strike 0-2: Foul Ball, location: 2F 0-2: Ball 1-2: Fielders Choice at 2nd, U4 (Groundball, 4M)
|
Top of the 5th over - 0 run(s), 1 hit(s), 0 error(s), 1 left on base; Mt. Vernon 2 - York 2 |
BOTTOM OF THE 5TH |
York Revolution batting - Pitching for Mt. Vernon Bulls : RHP Adam Vaillancourt
|
Batting: LHB Michael Nelson
|
0-0: Foul Ball, location: 2F 0-1: Called Strike 0-2: Ball 1-2: Ball 2-2: Ball 3-2: Foul Ball, location: 2F 3-2: Strikes out swinging
|
Batting: SHB Roberto Córdova
|
0-0: Swinging Strike 0-1: Ball 1-1: Foul Ball, location: 2F 1-2: Strikes out swinging
|
Batting: LHB Marcos Deleón
|
0-0: Called Strike 0-1: Foul Ball, location: 2F 0-2: Ball 1-2: Ground out 4-3 (Groundball, 4)
|
Bottom of the 5th over - 0 run(s), 0 hit(s), 0 error(s), 0 left on base; Mt. Vernon 2 - York 2 |
BOTTOM OF THE 6TH |
York Revolution batting - Pitching for Mt. Vernon Bulls : RHP Adam Vaillancourt
|
Batting: RHB Manuel García
|
0-0: Fly out, F9 (Line Drive, 89M)
|
Batting: LHB Harold Wiggins
|
0-0: Fly out, F7 (Popup, 7S)
|
Batting: RHB José Urruticodez
|
0-0: Called Strike 0-1: Ball 1-1: Fly out, F8 (Line Drive, 8RS)
|
Bottom of the 6th over - 0 run(s), 0 hit(s), 0 error(s), 0 left on base; Mt. Vernon 3 - York 2 |
TOP OF THE 7TH |
Mt. Vernon Bulls batting - Pitching for York Revolution : RHP Juan González
|
Batting: RHB Noël Sassetti
|
0-0: Ball 1-0: Ball 2-0: Fly out, F7 (Flyball, 7LD)
|
Batting: LHB Earl Wiley
|
0-0: Called Strike 0-1: Ball 1-1: Ball 2-1: Called Strike 2-2: Ball 3-2: Strikes out swinging
|
Batting: LHB Álex Ramírez
|
0-0: Called Strike 0-1: Foul Ball, location: 2F 0-2: Ball 1-2: Foul Ball, location: 2F 1-2: Ground out 1-3 (Groundball, 13S)
|
Top of the 7th over - 0 run(s), 0 hit(s), 0 error(s), 0 left on base; Mt. Vernon 3 - York 2 |
BOTTOM OF THE 7TH |
York Revolution batting - Pitching for Mt. Vernon Bulls : RHP Adam Vaillancourt
|
Pitching: LHP Javier López
|
|
Batting: RHB Martín Placido
|
0-0: Fly out, F8 (Flyball, 8RM)
|
Batting: SHB Zuberi Mccray
|
0-0: Called Strike 0-1: Ball 1-1: SINGLE (Line Drive, 6MD)
|
Batting: RHB Brandon Cole
|
0-0: Fly out, F7 (Flyball, 7D)
|
Batting: LHB Michael Nelson
|
0-0: Foul Ball, location: 2F 0-1: Foul Ball, location: 2F 0-2: Strikes out looking
|
Bottom of the 7th over - 0 run(s), 1 hit(s), 0 error(s), 1 left on base; Mt. Vernon 3 - York 2 |
TOP OF THE 8TH |
Mt. Vernon Bulls batting - Pitching for York Revolution : RHP Juan González
|
Batting: RHB Jesús Villalba
|
0-0: Ball 1-0: Fly out, F8 (Line Drive, 8RM)
|
Batting: RHB Alfonso Bocanegra
|
0-0: Ball 1-0: Foul Ball, location: 2F 1-1: Ball 2-1: Called Strike 2-2: Ball 3-2: SINGLE (Groundball, 34D)
|
Pinch Hitting: LHB Jim Unknown
|
0-0: Ball 1-0: Called Strike 1-1: Ball 2-1: Grounds into double play, 4-6-3 (Groundball, 4)
|
Top of the 8th over - 0 run(s), 1 hit(s), 0 error(s), 0 left on base; Mt. Vernon 3 - York 2 |
TOP OF THE 9TH |
Mt. Vernon Bulls batting - Pitching for York Revolution : RHP Juan González
|
Pitching: LHP Héctor Valentín
|
|
Batting: RHB Luis Campos
|
0-0: Foul Ball, location: 2F 0-1: Ball 1-1: SINGLE (Groundball, 6MD)
|
Batting: RHB Miguel Vásquez
|
0-0: Bunted foul 0-1: Sac Bunt - play at first, batter OUT! 1-4 Luis Campos to second
|
Pinch Hitting: RHB Carlos Vega
|
0-0: Intentional Walk
|
Pinch Runner at 2nd Wilson Aguilera:
|
|
Pinch Hitting: RHB Guy Mussi
|
0-0: Grounds into double play, U4-3 (Groundball, 4)
|
Top of the 9th over - 0 run(s), 1 hit(s), 0 error(s), 1 left on base; Mt. Vernon 3 - York 2 |
BOTTOM OF THE 9TH |
York Revolution batting - Pitching for Mt. Vernon Bulls : RHP Pepe Delgado
|
Pitching: RHP Derek Holbrook
|
|
Now at 1B: Dawit Lihalakha
|
|
Now at 3B: Guy Mussi
|
|
Now at SS: Wilson Aguilera
|
|
Pinch Hitting: SHB Jim Unknown
|
0-0: Ground out 6-3 (Groundball, 6M)
|
Pinch Hitting: RHB José Ruíz
|
0-0: Called Strike 0-1: SINGLE (Flyball, 9LS)
|
Pinch Runner at 1st Terry Cheadle:
|
|
Pinch Hitting: LHB Ángelo Hernández
|
0-0: Foul Ball, location: 2F 0-1: Ball 1-1: Called Strike 1-2: Ball 2-2: Strikes out swinging
|
Batting: SHB Zuberi Mccray
|
0-0: Fly out, F7 (Flyball, 78XD)
|
Bottom of the 9th over - 0 run(s), 1 hit(s), 0 error(s), 1 left on base; Mt. Vernon 3 - York 2 |
|